 Dungeon Crawl Stone Soup version 0.28.0 (webtiles) character file.

Game seed: 17220999099420640688

84 zeram the Sneak (level 4, -6/29 HPs)
             Began as an Octopode Brigand on Feb 12, 2022.
             Mangled by an orc (8 damage)
             ... on level 3 of the Dungeon.
             The game lasted 00:02:16 (1889 turns).

zeram the Sneak (Octopode Brigand)                  Turns: 1889, Time: 00:02:17

Health: -6/29      AC:  1    Str: 10    XL:     4   Next: 45%
Magic:  4/4        EV: 13    Int: 15    God:
Gold:   100        SH:  0    Dex: 13    Spells: 3/3 levels left

rFire   . . .      SeeInvis .   a - +2 dagger
rCold   . . .      Faith    .   (no shield)
rNeg    . . .      Spirit   .   (helmet restricted)
rPois   .          Reflect  .   (no amulet)
rElec   .          Harm     .   (no ring)
rCorr   .          Rampage  .   (no ring)
Will    .....                   (no ring)
Stlth   ++........              (no ring)
HPRegen 0.09/turn               (no ring)
MPRegen 0.09/turn               (no ring)
                                (no ring)
                                (no ring)

@: confused, brilliant
A: almost no armour, amphibious, 8 rings, camouflage 1, gelatinous body 1,
(nimble swimmer 1), tentacles
a: no special abilities


You were on level 3 of the Dungeon.
You visited 1 branch of the dungeon, and saw 3 of its levels.

You collected 100 gold pieces.

Inventory:

Hand Weapons
 a - a +2 dagger (weapon)
Missiles
 b - 8 poisoned darts (quivered)
 c - 2 curare-tipped darts
Jewellery
 g - a ring of see invisible
Potions
 d - a potion of curing {unknown}
 e - a potion of berserk rage {unknown}
 h - 2 potions of degeneration {unknown}
 i - a potion of heal wounds {unknown}
 j - a potion of might {unknown}


   Skills:
 - Level 2.0 Fighting
 + Level 2.5 Short Blades
 - Level 2.0 Throwing
 + Level 1.2 Dodging
 + Level 7.4 Stealth


You had 3 spell levels left.
You didn't know any spells.
Your spell library contained the following spells:

 Spells                   Type           Power      Damage    Failure   Level
 Apportation              Tloc           0%         N/A       26%         1
 Alistair's Intoxication  Tmut/Pois      0%         N/A       100%        5


Dungeon Overview and Level Annotations

Branches:
Dungeon (3/15)

Altars:


Innate Abilities, Weirdness & Mutations

You cannot wear most types of armour.
You are amphibious.
You can wear up to eight rings at the same time.
Your skin changes colour to match your surroundings (Stealth+).
Your rubbery body absorbs attacks. (AC +1, EV +1)
((You are camouflaged when in or above water. (Stealth+)))
You have tentacles for arms and can constrict up to eight enemies at once.


Message History

You hit the orc but do no damage.
You constrict the orc, but do no damage.
The orc misses you.
You hit the orc but do no damage.
You constrict the orc, but do no damage.
The orc misses you.
You hit the orc but do no damage. You squeeze the orc, but do no damage.
You constrict the orc, but do no damage.
The orc closely misses you.
You hit the orc but do no damage. You constrict the orc.
You hit the orc but do no damage.
The orc is moderately wounded.
You constrict the orc. The orc closely misses you.
You completely miss the orc. You squeeze the orc.
You kill the orc!
You hit the ball python. You grab the ball python.
The ball python is heavily wounded.
You constrict the ball python. The ball python bites you.
The ball python misses you.
You hit the ball python.
You kill the ball python!
You hear some strange, mumbled words.
Something tries to affect you, but you resist.
Something hits you.
Things that are here:
a +0 morningstar; a +0 scale mail You closely miss something.
You hear some strange, mumbled words.
You are confused.
The orc hits you with a +0 trident!
There is a stone staircase leading up, spattered with blood here.
The orc barely misses you.
You hear some strange, mumbled words.
A puff of flame appears from out of thin air!
The puff of flame hits you!
* * * LOW HITPOINT WARNING * * *
In your confused state, you trip and fall back down the stairs.
* * * LOW HITPOINT WARNING * * *
The orc hits you with a +0 trident!
You die...

#.... #. ..#.#. ..
.... .. #o.# #. #
#..### ##
##.##.###.)#.#..
#...(......#.#.
#.####o#####...#..
#......@{o..[..#.#
############.#.#.#
#.....# #...#.# ##
.....###.#####>#
#############........
#....................
#.#.......##......#.#
#.#.#####.##......#.#


You could see 2 orcs.

Vanquished Creatures
  3 adders (D:2)
  A worm (D:3)
  2 dart slugs
  2 orcs (D:3)
  7 endoplasms
  4 giant cockroaches
  4 goblins
  4 hobgoblins
  2 kobolds
  3 quokkas
  2 ball pythons
  5 bats
  5 rats
44 creatures vanquished.

Notes
Turn   | Place    | Note
-------+----------+-------------------------------------------
     0 | D:1      | zeram the Octopode Brigand began the quest for the Orb.
     0 | D:1      | Reached XP level 1. HP: 14/14 MP: 1/1
   330 | D:1      | Reached XP level 2. HP: 19/19 MP: 2/2
   345 | D:1      | Reached skill level 6 in Stealth
  1053 | D:1      | Reached XP level 3. HP: 24/24 MP: 3/3
  1422 | D:2      | Found a faded altar of an unknown god.
  1476 | D:2      | Reached skill level 7 in Stealth
  1476 | D:2      | Reached XP level 4. HP: 29/29 MP: 4/4
  1889 | D:3      | Mangled by an orc

Illustrated notes

Levels and vault maps discovered:
D:1:      dpeg_arrival_prison, layout_loops_corners,
          ebering_dispersal_statue_hall
D:2:      layout_basic, shapermc_ecumenical_altar_notcrosses,
          chequers_arboretum, corexii_hall_statues_u
D:3:      layout_basic, kennysheep_generic_room_9, uniq_terence, uniq_sigmund

Skill      XL: |  1  2  3 |
---------------+----------+-----
Stealth        | 6 7 |  7.4
Fighting       | |  2.0
Short Blades   | |  2.5
Throwing       | |  2.0
Dodging        | |  1.2

Action                   |  1- 3 |  4- 6 || total
-------------------------+-------+-------++-------
Melee: Dagger            |    49 |    24 ||    73
       Constrict         |    11 |     5 ||    16
       Tentacles         |     9 |     4 ||    13
  Use: Scroll            |     2 |       ||     2
       Potion            |       |     1 ||     1
 Stab: Sleeping          |    17 |     4 ||    21
Armor: Skin              |     3 |       ||     3
Dodge: Dodged            |    19 |    13 ||    32
